AoeStats
← Galactimus

Arena

505641832Analyzed
2v2 RM · 22d ago on Sep 10, 2026· 50m 57s· 4 players
Game mode
Random Map
Map size
Medium (4 player)
Population
200
Speed
Normal
Resources
Standard
Victory
Conquest
Starting age
Dark Age
Ending age
Imperial Age
RankedLock teamsTeams togetherTeam positionsShared explorationLock speedFull tech treeHidden civsTurbo modeCheats
Victory
Defeat
🇸🇰 Huns · Slovakia
863
+16
🇸🇰 Romans · Slovakia
857
+16
🇫🇷 Maya · France
894
-17
🇲🇽 Muisca · Mexico
841
-15
Emko
10:02 Feudal Age
10:53 Horse Collar
11:00 Double-Bit Axe
17:30 Castle Age
17:34 Bloodlines
18:43 Wheelbarrow
18:24 Bow Saw
18:52 Heavy Plow
21:02 Gold Mining
21:05 Stone Mining
23:49 Padded Archer Armor
23:40 Fletching
25:19 Scale Barding Armor
25:52 Caravan
26:37 Husbandry
28:19 Thumb Ring
29:08 Gold Shaft Mining
29:32 Ballistics
30:30 Hand Cart
33:23 Light Cavalry
38:20 Elite Skirmisher
41:08 Bodkin Arrow
45:25 Marauders
48:24 Imperial Age
47:53 Leather Archer Armor
47:59 Chain Barding Armor
47:50 Forging
49:21 Bracer
49:02 Hussar
50:51 Elite Tarkan
TheWeirdStranger
1:39 Loom
11:02 Feudal Age
11:24 Horse Collar
11:32 Double-Bit Axe
14:18 Wheelbarrow
15:45 Gold Mining
19:42 Castle Age
18:58 Man-at-Arms
19:43 Scale Mail Armor
19:55 Forging
21:18 Squires
24:34 Bow Saw
24:44 Heavy Plow
29:01 Long Swordsman
29:04 Pikeman
30:03 Chain Mail Armor
30:55 Iron Casting
42:00 Ballistas
44:29 Imperial Age
43:54 Murder Holes
44:20 Ballistics
44:11 Fortified Wall
44:12 Masonry
46:15 Blast Furnace
45:51 Conscription
45:42 Capped Ram
46:16 Legionary
BillyBat
10:38 Feudal Age
12:21 Wheelbarrow
17:00 Castle Age
15:59 Forging
17:50 Pikeman
18:22 Horse Collar
18:30 Double-Bit Axe
21:28 Bow Saw
23:44 Heavy Plow
27:16 Hand Cart
31:04 Imperial Age
29:47 Gold Mining
29:48 Stone Mining
29:26 Elite Skirmisher
30:47 Iron Casting
30:12 Scale Mail Armor
30:43 Squires
30:29 Arson
31:52 Fletching
32:04 Padded Archer Armor
32:47 Bodkin Arrow
33:47 Stone Shaft Mining
34:17 Crop Rotation
34:27 Leather Archer Armor
34:42 Ballistics
35:53 Ring Archer Armor
36:26 Bracer
38:26 Blast Furnace
39:09 Murder Holes
39:25 Fortified Wall
39:27 Halberdier
40:22 Elite Plumed Archer
41:23 Conscription
42:01 Chain Mail Armor
44:09 Eagle Warrior
45:00 Hul'che Javelineers
45:47 Holcans
47:14 Elite Eagle Warrior
Galactimus
3:42 Loom
10:49 Feudal Age
13:20 Champi Runner
18:40 Castle Age
17:56 Double-Bit Axe
18:51 Horse Collar
20:14 Forging
20:09 Squires
22:37 Town Watch
24:05 Gold Mining
24:43 Fletching
25:19 Stone Mining
25:57 Scale Mail Armor
27:07 Wheelbarrow
26:43 Elite Skirmisher
27:05 Pikeman
29:07 Champi Warrior
36:16 Stone Shaft Mining
36:13 Hand Cart
36:21 Herbalism
36:59 Iron Casting
36:51 Murder Holes
37:50 Redemption
38:45 Ballistics
38:47 Heavy Plow
38:59 Bow Saw
39:36 Town Patrol
45:37 Gold Shaft Mining
Connection lost

Rejoining the realm…

Still unreachable

The connection could not be restored.

Session expired

The server has moved on; the page needs a fresh start.